 Dungeon Crawl Stone Soup version 5.5-119-g78d285b (webtiles) character file.

31 Hausser the Blocker (level 11, -4/81 HPs) *CASUAL*
             Began as a Mountain Dwarf Fighter on June 6, 2018.
             Was a Believer of Wu Jian.
             Slain by a spiny frog (5 damage)
             ... on level 8 of the Dungeon.
             The game lasted 00:18:37 (6499 turns).

Hausser the Blocker (Mountain Dwarf Fighter)        Turns: 6499, Time: 00:18:38

Health: -4/81      AC: 15 (39%)Str: 23  XL:     11   Next: 34%
Magic:  15/15      EV: 10    Int:  8    God:    Wu Jian [2*[60]]
Gold:   546        SH: 12    Dex: 10    Spells: 16/16 levels left

rFire    + . .     SeeInvis .   n - +2 flail (freeze)
rCold    . . .     Faith    .   c - +0 shield
rNeg     . . .     Spirit   .   j - +0 plate armour
rPois    .         Reflect  .   k - +0 helmet
rElec    .                      x - +1 cloak
rCorr    .                      (no gloves)
MR       +....                  s - +0 pair of boots
Stlth    ..........             (no amulet)
Regen    0.3/turn               h - ring of fire
MPRegen  0.3/turn               m - ring of protection from magic

@: lethally poisoned (-4 -> -6), very slightly contaminated, studying Ice Magic
A: wild magic 1, sturdy frame
a: Wall Jump, Renounce Religion


You were on level 8 of the Dungeon.
You worshipped Wu Jian.
Wu Jian was pleased with you.
You were not hungry.

You visited 1 branch of the dungeon, and saw 8 of its levels.

You collected 546 gold pieces.

Inventory:

Hand Weapons
 n - a +2 flail of freezing (weapon)
Missiles
 a - 94 tomahawks (quivered)
Armour
 c - a +0 shield (worn)
 j - a +0 plate armour (worn)
 k - a +0 helmet (worn)
 s - a +0 pair of boots (worn)
 x - a +1 cloak (worn)
Jewellery
 h - a ring of fire (left hand)
 m - a ring of protection from magic (right hand)
 r - a +5 ring of dexterity
Wands
 t - a wand of iceblast (12)
 w - a wand of enslavement (3)
Scrolls
 e - a scroll of blinking
 f - 5 scrolls of amnesia
 i - 3 scrolls of enchant weapon
 l - 2 scrolls of magic mapping
 o - 3 scrolls of fear
Potions
 b - 3 potions of heal wounds
 d - 2 potions of augmentation
 g - a potion of cancellation
 p - a potion of berserk rage
 q - a potion of ambrosia
 u - a potion of lignification
 v - a potion of mutation


   Skills:
 + Level 5.9 Fighting
 - Level 4.7 Blades
 + Level 6.4(7.7) Axes
 * Level 5.8(7.0) Maces & Staves
 * Level 5.4 Throwing
 * Level 8.2 Armour
 * Level 4.5 Dodging
 + Level 0.8 Stealth
 * Level 10.0 Shields
 * Level 5.1 Evocations


You had 16 spell levels left.
You didn't know any spells.
Your spell library contained the following spells:

 Spells                   Type           Power        Failure   Level  Hunger
 Freezing Cloud           Ice/Air        0 (200)      100%        6    N/A
 Fire Storm               Fire           0 (200)      100%        9    N/A
 Animate Dead             Necr           0 (200)      100%        4    N/A
 Control Undead           Necr           0 (200)      100%        4    N/A
 Ozocubu's Refrigeration  Ice            0 (200)      100%        7    N/A
 Summon Ice Beast         Ice/Summ       0 (100)      100%        4    N/A
 Recall                   Summ/Tloc      N/A          100%        3    N/A
 Ice Form                 Ice/Tmut       0 (100)      100%        4    N/A
 Death Channel            Necr           0 (200)      100%        6    N/A
 Chain Lightning          Air            0 (200)      100%        8    N/A
 Orb of Destruction       Erth           0 (200)      100%        7    N/A
 Cigotuvi's Embrace       Necr           0 (200)      100%        6    N/A

Dungeon Overview and Level Annotations

Branches:
Dungeon (8/15)

Altars:
Cheibriados
Dithmenos
Elyvilon
Gozag
Jiyva
Kikubaaqudgha
Makhleb
Nemelex Xobeh
Okawaru
Qazlal
Ru
Sif Muna
Trog
Uskayaw
Vehumet
Wu Jian
Xom
Yredelemnul
Zin
The Shining One


Innate Abilities, Weirdness & Mutations

Your spells are a little harder to cast, but a little more powerful.
Your movements are less encumbered by armour. (ER -6)


Message History

You block the two-headed ogre's attack. x2; The spiny frog stings you (6).
You are poisoned.
The spiny frog poisons you!
You thump the two-headed ogre (12)! You freeze the two-headed ogre (3).
The two-headed ogre is heavily wounded.
You feel extremely sick. The spiny frog stings you (12)!
* * * LOW HITPOINT WARNING * * *
You are more poisoned.
The spiny frog poisons you!
The two-headed ogre hits you with a +0 giant club (2).
* * * LOW HITPOINT WARNING * * *
The two-headed ogre hits you with a +0 quarterstaff (1).
* * * LOW HITPOINT WARNING * * *
You block the spiny frog's attack.
You feel extremely sick.
You feel sick.
You feel sick. The spiny frog stings you (5).
You die...

.. ####### ..... ......##
..... #....# .....# #.O..###
#.. ......########
#@FZ...##....#
.............###.##........#
..........##......####..##...
..........######..### ....#
.......)..# #....##. .##....
........))# ##.......### ###
.########.# #...#.....# #.#
#..# ####.### #.###..# #...#


You could see a two-headed ogre, a spiny frog and a centaur warrior zombie.

Vanquished Creatures
  A two-headed ogre (D:8)
  Pikel (D:6)
  Psyche (D:8)
  Sigmund (D:3)
  A black bear (D:7)
  An orc warrior (D:8)
  2 ogres
  2 centaurs
  A wyvern zombie (D:7)
  A gnoll sergeant (D:6)
  6 scorpions
  4 crimson imps
  9 wights
  An electric eel (D:7)
  2 howler monkeys
  2 centaur zombies
  A wasp zombie (D:6)
  Crazy Yiuf (D:7)
  3 hounds
  2 jellies
  A quasit (D:7)
  4 orc wizards
  A bullfrog skeleton (D:7)
  An orc priest (D:8)
  2 gnoll shamans
  Jessica (D:2)
  Natasha (thrice) (D:3)
  5 worker ants
  An iguana (D:6)
  2 hound skeletons
  Samantha (D:3)
  A howler monkey skeleton (D:6)
  7 adders
  6 gnolls
  2 shadow imps
  6 oozes
  A dart slug (D:7)
  18 orcs
  3 quokkas
  3 giant cockroaches (D:1)
  17 goblins
  10 hobgoblins
  12 jackals
  2 ball pythons
  4 bats
  3 frilled lizards
  6 kobolds
  11 rats
177 creatures vanquished.

Vanquished Creatures (others)
  A slave (D:6)
  A bullfrog (D:6)
  A jelly (D:6)
  An orc (D:6)
  2 quokkas (D:6)
6 creatures vanquished.

Grand Total: 183 creatures vanquished

Notes
Turn   | Place    | Note
-------+----------+-------------------------------------------
     0 | D:1      | Hausser the Mountain Dwarf Fighter began the quest for the Orb.
     0 | D:1      | Reached XP level 1. HP: 18/18 MP: 2/2
   129 | D:1      | Reached XP level 2. HP: 22/25 MP: 3/3
   235 | D:1      | Reached skill level 1 in Throwing
   235 | D:1      | Reached XP level 3. HP: 27/30 MP: 4/4
   704 | D:2      | Reached skill level 4 in Shields
   716 | D:2      | Reached XP level 4. HP: 32/37 MP: 6/6
   785 | D:2      | Noticed Jessica
   787 | D:2      | Found a shimmering altar of Xom.
   792 | D:2      | Killed Jessica
   792 | D:2      | Reached skill level 1 in Dodging
   792 | D:2      | Reached skill level 1 in Evocations
   792 | D:2      | Reached XP level 5. HP: 42/42 MP: 7/7
   902 | D:2      | Found a burning altar of Makhleb.
   999 | D:2      | Found a faded altar of an unknown god.
  1088 | D:2      | Found an ancient bone altar of Kikubaaqudgha.
  1232 | D:3      | Found a white marble altar of Elyvilon.
  1235 | D:3      | Noticed Samantha
  1268 | D:3      | Killed Samantha
  1276 | D:3      | Gained mutation: Your spells are a little harder to cast, but a little more powerful. [Mountain Dwarf growth]
  1276 | D:3      | Reached XP level 6. HP: 40/48 MP: 8/8
  1409 | D:3      | Found a sparkling altar of Nemelex Xobeh.
  1464 | D:3      | Noticed Natasha
  1470 | D:3      | Killed Natasha
  1502 | D:3      | Reached XP level 7. HP: 54/54 MP: 10/10
  1576 | D:3      | Reached skill level 5 in Shields
  1656 | D:3      | Noticed Sigmund
  1679 | D:3      | Killed Sigmund
  1679 | D:3      | Reached skill level 5 in Axes
  1679 | D:3      | Reached skill level 5 in Armour
  1679 | D:3      | Reached skill level 6 in Shields
  1679 | D:3      | Reached XP level 8. HP: 19/61 MP: 11/11
  2142 | D:3      | Found a glowing golden altar of the Shining One.
  2211 | D:3      | Noticed Natasha
  2221 | D:3      | Killed Natasha
  2261 | D:3      | Noticed Natasha
  2263 | D:3      | Killed Natasha
  2729 | D:4      | Reached skill level 5 in Fighting
  2774 | D:4      | Reached skill level 7 in Shields
  2779 | D:4      | Found a glowing silver altar of Zin.
  2857 | D:4      | Found an ornate altar of the Wu Jian Council.
  2873 | D:4      | Reached XP level 9. HP: 54/68 MP: 12/12
  2879 | D:4      | Became a worshipper of the Wu Jian Council
  2890 | D:4      | Got the +5 dagger of the Hall of Blades {freeze, Int+4}
  2945 | D:4      | Found a deep blue altar of Sif Muna.
  2981 | D:4      | Found an iron altar of Okawaru.
  3459 | D:5      | Entered Level 5 of the Dungeon
  3513 | D:5      | Reached skill level 1 in Blades
  4137 | D:5      | Found a hide-covered altar of Uskayaw.
  4140 | D:5      | Found a sacrificial altar of Ru.
  4154 | D:5      | Found a shadowy altar of Dithmenos.
  4185 | D:5      | Found an opulent altar of Gozag.
  4274 | D:5      | Reached skill level 8 in Shields
  4481 | D:6      | Noticed Pikel
  4514 | D:6      | Killed Pikel
  4514 | D:6      | Reached XP level 10. HP: 28/74 MP: 15/15
  4516 | D:6      | Reached * piety under Wu Jian
  4727 | D:6      | Reached skill level 9 in Shields
  4887 | D:6      | Found a bloodstained altar of Trog.
  4920 | D:6      | Reached skill level 1 in Maces & Staves
  4980 | D:6      | Found a stormy altar of Qazlal.
  5109 | D:6      | Found a radiant altar of Vehumet.
  5125 | D:6      | Found a basalt altar of Yredelemnul.
  5917 | D:7      | Found a viscous altar of Jiyva.
  5933 | D:7      | Reached ** piety under Wu Jian
  5943 | D:7      | Reached skill level 5 in Throwing
  6004 | D:7      | Found a runed door.
  6242 | D:7      | Found a snail-covered altar of Cheibriados.
  6358 | D:7      | Noticed Crazy Yiuf
  6361 | D:7      | Killed Crazy Yiuf
  6416 | D:8      | Noticed Psyche
  6418 | D:8      | Reached XP level 11. HP: 77/81 MP: 15/15
  6425 | D:8      | Killed Psyche
  6425 | D:8      | Reached skill level 5 in Evocations
  6450 | D:8      | Noticed a two-headed ogre
  6457 | D:8      | Killed a two-headed ogre
  6457 | D:8      | Reached skill level 5 in Maces & Staves
  6457 | D:8      | Reached skill level 10 in Shields
  6487 | D:8      | Noticed a two-headed ogre
  6495 | D:8      | HP: 2/81 [poisoned by a spiny frog]
  6499 | D:8      | Slain by a spiny frog

Skill      XL: |  1  2  3  4  5  6  7  8  9 10 11 |
---------------+----------------------------------+-----
Throwing       | 1 2 3 4 5 |  5.4
Shields        | 4 6 7 8 9 10 | 10.0
Armour         | 4 5 6 7 8 |  8.2
Dodging        | 1 2 3 4 |  4.5
Evocations     | 1 2 3 4 5 |  5.1
Axes           | 3 4 5 6 |  6.4
Fighting       | 4 5 |  5.9
Blades         | 4 |  4.7
Maces & Staves | 4 5 |  5.8
Stealth        | |  0.8

Action                   |  1- 3 |  4- 6 |  7- 9 | 10-12 || total
-------------------------+-------+-------+-------+-------++-------
Melee: War axe           |    62 |   112 |   168 |       ||   342
       Dagger            |       |       |   174 |    18 ||   192
       Flail             |       |       |       |   177 ||   177
Throw: Tomahawk          |       |       |       |     3 ||     3
Invok: Lunge             |       |       |     8 |    13 ||    21
       Wall Jump         |       |       |       |     5 ||     5
       Whirlwind         |       |       |       |     1 ||     1
Armor: Scale mail        |    25 |    13 |       |       ||    38
       Plate armour      |       |    55 |   173 |    81 ||   309
Dodge: Dodged            |    23 |    41 |   131 |    54 ||   249
Block: Shield            |    34 |    73 |   194 |   112 ||   413
